 Dungeon Crawl Stone Soup version 0.30.1-3-gfc49f6343a (webtiles) character file.

Game seed: 5839522971515322091

404 101zpm the Magician (level 7, 0/45 HPs)
             Began as a Djinni Fire Elementalist on July 25, 2023.
             Killed by an exploding adder (5 damage)
             ... ignited by their inner flame
             ... on level 6 of the Dungeon.
             The game lasted 00:11:29 (3439 turns).

101zpm the Magician (Djinni Fire Elementalist)      Turns: 3439, Time: 00:11:30

Health: 0/45       AC:  5    Str:  7    XL:     7   Next: 12%
Gold:   162        EV: 12    Int: 19    God:
                   SH:  0    Dex: 13

rFire   + + +        (no weapon)
rCold   x . .        (no shield)
rNeg    . . .        l - +2 robe {Archmagi}
rPois   ∞            j - +0 helmet
rElec   .            (no cloak)
rCorr   .            (no gloves)
SInv    .            (boots unavailable)
Will    .....        (no amulet)
Stlth   ++           n - ring of protection from fire
HPRegen 0.27/turn    (no ring)
MPRegen 0.00/turn

%: archmagi, infuse magic (-1 HP)
@: flying
A: sickness immunity, fire resistance 2, cold vulnerability 1, float, innate
caster, HP casting, extra vitality 1
a: no special abilities


You were on level 6 of the Dungeon.
You visited 1 branch of the dungeon, and saw 5 of its levels.

You collected 162 gold pieces.

Inventory:

Hand Weapons
 h - a +1 short sword of venom
Armour
 j - a +0 helmet (worn)
 l - a +2 robe of the Archmagi (worn)
Jewellery
 n - a ring of protection from fire (left hand)
Scrolls
 a - a scroll of butterflies {unknown}
 c - a scroll of vulnerability {unknown}
 d - 2 scrolls of blinking {unknown}
 f - 4 scrolls of identify {unknown}
 i - a scroll of enchant weapon {unknown}
 m - a scroll of silence {unknown}
 o - a scroll of fog {unknown}
Potions
 b - a potion of curing {unknown}
 e - 3 potions of berserk rage {unknown}
 g - a potion of cancellation {unknown}
 k - a potion of haste


   Skills:
 + Level 2.7 Dodging
 + Level 2.4 Stealth
 + Level 5.4 Spellcasting


You knew the following spells:

 Your Spells              Type           Power      Damage    Failure   Level
a - Foxfire               Conj/Fire      100%       2x1d9     1%          1
b - Scorch                Fire           76%        2d8       1%          2
c - Volatile Blastmotes   Fire/Tloc      76%        2d16      3%          3
d - Inner Flame           Hex/Fire       38%        N/A       3%          3
e - Flame Wave            Conj/Fire      38%        2d10      13%         4
f - Freeze                Ice            100%       1d10      1%          1
g - Ensorcelled Hibernat  Hex/Ice        76%        N/A       1%          2
h - Portal Projectile     Hex/Tloc       76%        N/A       3%          3
Your spell library was empty.

Dungeon Overview and Level Annotations

Branches:
Dungeon (6/15)
 Temple: D:4-7

Altars:


Innate Abilities, Weirdness & Mutations

You are immune to sickness and miasma.
You are immune to poison.
Your flesh is very heat resistant. (rF++)
You are vulnerable to cold. (rC-)
You float through the air rather than walking.
You learn spells naturally, not from books.
Your magical power is your life essence.
You have superior vitality. (+4 MHP)


Message History

The wight is filled with an inner flame.
* * * LOW HITPOINT WARNING * * *
An orc warrior comes into view. It is wielding a +0 hand axe.
The foxfire hits the orc warrior but does no damage.
Your foxfire dissipates!
Casting: Inner Flame (dangerous; 3% risk of failure)
Confirm with . or Enter, or press ? or * to list all spells.
Aiming: Inner Flame (dangerous; 3% risk of failure)
Press: ? - help, Dir - move target, f - orc warrior, p - wight
Aim: an orc warrior, wielding a +0 hand axe and wearing a +0 plate armour (chance to affect: 88%)
You feel a surge of power!
The orc warrior barely resists.
* * * LOW HITPOINT WARNING * * *
The foxfire hits the orc warrior.
The orc warrior is lightly wounded.
Casting: Foxfire (safe; 1% risk of failure)
Press: ? - help, Q - select action, (/) - cycle Dir - look around, f - activate You feel a surge of power!
You conjure some foxfire!
* * * LOW HITPOINT WARNING * * *
An adder comes into view.
Casting: Foxfire (safe; 1% risk of failure)
Confirm with . or Enter, or press ? or * to list all spells.
Aiming: Inner Flame (dangerous; 3% risk of failure)
Press: ? - help, Dir - move target, f - adder
Aim: an adder (chance to affect: 93%)
You feel a surge of power!
The adder is filled with an inner flame.
* * * LOW HITPOINT WARNING * * *
The foxfire hits the orc warrior.
The orc warrior is moderately wounded.
The foxfire hits the orc warrior.
The orc warrior is moderately wounded.
The adder bites you but does no damage.
An orc comes into view. It is wielding a +0 dagger.
Casting: Inner Flame (dangerous; 3% risk of failure)
Confirm with . or Enter, or press ? or * to list all spells.
You feel a surge of power!
Flames lash the adder.
* * * LOW HITPOINT WARNING * * *
The adder explodes!
The fiery explosion engulfs you. You resist.
You die...

....# #.....#####..
#............ #.......#
#.. #....(..###z#
#........##o# #
.######.......+.§##.#
..............#.§§..#o○.
..####........#§@§..)§))
#........#§§..§).☼.
##.###..##§§...§§§..
........>.........###
###.###.###.......# ...
#.# ####....# ... #..
##### ... #.. #..


You could see an orc warrior, a wight (inner flame) and an orc.

Vanquished Creatures
  An ogre (D:4)
  Blork the orc (D:4)
  A hound (D:4)
  2 orc priests (D:3)
  2 orc wizards (D:6)
  Robin (D:3)
  A gnoll (D:1)
  An adder (D:6)
  A white imp (D:6)
  2 worms
  10 orcs
  4 bats
  7 endoplasms
  2 giant cockroaches
  7 hobgoblins
  8 jackals
  A quokka (D:2)
  3 ball pythons
  A frilled lizard (D:1)
  12 goblins
  6 kobolds
  4 rats
78 creatures vanquished.

Vanquished Creatures (others)
  246 foxfires
246 creatures vanquished.

Grand Total: 324 creatures vanquished

Notes
Turn   | Place    | Note
-------+----------+-------------------------------------------
     0 | D:1      | 101zpm the Djinni Fire Elementalist began the quest for the
                  | Orb.
     0 | D:1      | 101zpm set off with the following spells memorised:
                  | Foxfire, Scorch, Volatile Blastmotes, Inner Flame, Flame
                  | Wave.
     0 | D:1      | Reached XP level 1. HP: 15/15 MP: 0/0
   251 | D:2      | Reached XP level 2. HP: 15/21 MP: 0/0
   538 | D:3      | Reached skill level 3 in Spellcasting
   603 | D:4      | Noticed Blork the orc
   605 | D:4      | Reached XP level 3. HP: 22/25 MP: 0/0
   605 | D:4      | Learned a level 1 spell: Freeze
   610 | D:4      | Killed Blork the orc
   611 | D:4      | Reached XP level 4. HP: 14/31 MP: 0/0
   973 | D:3      | Reached XP level 5. HP: 28/35 MP: 0/0
   973 | D:3      | Learned a level 2 spell: Ensorcelled Hibernation
   976 | D:3      | Noticed Robin
  1019 | D:3      | HP: 1/35 [Robin/+0 mace (3)]
  1023 | D:3      | Killed Robin
  1024 | D:3      | Reached skill level 4 in Spellcasting
  1459 | D:2      | Reached XP level 6. HP: 23/40 MP: 0/0
  2461 | D:1      | Found a faded altar of an unknown god.
  2982 | D:4      | Noticed an ogre
  2986 | D:4      | Killed an ogre
  2987 | D:4      | Reached skill level 5 in Spellcasting
  3376 | D:4      | You are sucked into a shaft and drop 2 floors!
  3409 | D:6      | Reached XP level 7. HP: 29/45 MP: 0/0
  3409 | D:6      | Learned a level 3 spell: Portal Projectile
  3439 | D:6      | Killed by an exploding adder... ignited by their inner
                  | flame

Illustrated notes

Levels and vault maps discovered:
D:1:      dpeg_arrival_another_circle, layout_loops_cross,
          shapermc_ecumenical_altar_notcrosses, minmay_misc_feat_iff
D:2:      layout_loops_ring, roderic_lattice_a, nicolae_figureground_pulse
D:3:      layout_basic, uniq_robin
D:4:      layout_gridville, uniq_blork_the_orc
D:6:      layout_basic, minmay_temple_entry_sparse_star, uniq_pikel, uniq_maggie

Skill      XL: |  1  2  3  4  5  6 |
---------------+-------------------+-----
Spellcasting   | 3 4 5 |  5.4
Stealth        | 2 |  2.4
Dodging        | |  2.7

Action                     |  1- 3 |  4- 6 |  7- 9 || total
---------------------------+-------+-------+-------++-------
  Melee: Unarmed           |     2 |       |       ||     2
   Cast: Foxfire           |    56 |    83 |    12 ||   151
         Inner Flame       |     1 |    27 |     6 ||    34
         Scorch            |       |    23 |     1 ||    24
         Ensorcelled Hiber |       |     1 |       ||     1
    Use: Potion            |       |     2 |       ||     2
 Armour: Robe              |       |     1 |     1 ||     2
  Dodge: Dodged            |     2 |     6 |       ||     8
